 Dungeon Crawl Stone Soup version 0.18-a0-1577-gf591c28 (webtiles) character file.

795 HandofTrog the Skirmisher (level 7, -2/56 HPs)
             Began as a Demonspawn Wanderer on Mar 17, 2016.
             Was a Follower of Okawaru.
             Killed from afar by Pikel (24 damage)
             ... with a wand of acid
             ... on level 5 of the Dungeon.
             The game lasted 00:20:02 (4860 turns).

HandofTrog the Skirmisher (Demonspawn Wanderer)     Turns: 4860, Time: 00:20:02

Health: -2/56      AC:  3    Str: 13    XL:     7   Next: 58%
Magic:  8/8        EV:  8    Int: 15    God:    Okawaru [*.....]
Gold:   199        SH:  5    Dex: 12    Spells: 2 memorised, 2 levels left

rFire  + . .     SeeInvis .     b - +0 mace
rCold  . . .     Gourm    .     A - +0 scale mail
rNeg   . . .     Faith    +     g - +0 buckler
rPois  .         Spirit   .     (helmet restricted)
rElec  .         Dismiss  .     (no cloak)
rCorr  .         Reflect  .     (no gloves)
SustAt .         Harm     .     (no boots)
MR     .....                    t - amulet of faith
Stlth  ..........               (no ring)
                                (no ring)

@: corroded equipment, not resistant to hostile enchantments, extremely
unstealthy
A: horns 2, molten scales 1, fire resistance 1
a: Heroism, Renounce Religion


You were on level 5 of the Dungeon.
You worshipped Okawaru.
Okawaru was aware of your devotion.
You were full.

You visited 1 branch of the dungeon, and saw 5 of its levels.

You collected 199 gold pieces.

Inventory:

Hand Weapons
 b - a +0 mace (weapon)
Missiles
 h - 6 javelins (quivered)
Armour
 a - a +2 scale mail
 g - a +0 buckler (worn)
 y - a +0 shield
 A - a +0 scale mail (worn)
Jewellery
 i - an uncursed amulet of faith
 t - an amulet of faith (around neck)
Scrolls
 e - 2 scrolls of immolation {unknown}
 f - 2 scrolls of remove curse
 l - a scroll of enchant weapon {unknown}
 n - 2 scrolls of fear {unknown}
 p - a scroll of amnesia {unknown}
 q - 2 scrolls of random uselessness {unknown}
 v - a scroll of enchant armour {unknown}
 z - a scroll of magic mapping {unknown}
Potions
 m - 2 potions of flight
 r - a potion of resistance {unknown}
 s - a potion of might {unknown}
 w - a potion of haste {unknown}
Books
 c - the Volume of Floating Confrontation

   Spells                             Type                      Level
   a - Shock                          Conjuration/Air              1
   b - Mephitic Cloud                 Conjuration/Poison/Air       3
 x - a book of Necromancy

   Spells                             Type                      Level
   a - Pain                           Necromancy                   1
   b - Animate Skeleton               Necromancy                   1
   c - Vampiric Draining              Necromancy                   3
   d - Regeneration                   Charms/Necromancy            3
   e - Animate Dead                   Necromancy                   4
   f - Control Undead                 Necromancy                   4
Comestibles
 d - 3 bread rations
 k - 2 meat rations


   Skills:
 - Level 5.5 Fighting
 * Level 3.6 Maces & Flails
 - Level 1.0 Throwing
 - Level 3.6 Armour
 - Level 4.2 Shields
 - Level 1.0 Spellcasting
   Level 1.0 Hexes
   Level 1.0 Fire Magic
   Level 1.0 Evocations


You had 2 spell levels left.
You knew the following spells:

 Your Spells              Type           Power        Failure   Level  Hunger
a - Regeneration          Chrm/Necr      #.........   100%        3    ####...
b - Vampiric Draining     Necr           #.........   100%        3    ####...


Dungeon Overview and Level Annotations

Branches:
Dungeon (5/15)
 Temple: D:4-7

Altars:
Cheibriados
Elyvilon
Fedhas
Makhleb
Nemelex Xobeh
Okawaru
Yredelemnul

Annotations:
D:4 Eustachio; PeterLawrence's ghost, amateur MiFi
D:5 Pikel


Innate Abilities, Weirdness & Mutations

You have a pair of horns on your head.
You are partially covered in molten scales (AC +1).
Your flesh is heat resistant.


Message History

Press: ? - help, Shift-Dir - straight line, f - Pikel
Aim: Pikel, wielding a whip of flaming and wearing an embroidered robe You throw a javelin.
The javelin barely misses Pikel.
Pikel says, "Slavery isn't that bad."
The slave hits you.
Throwing (i - inventory):
h - 7 javelins (quivered)
Press: ? - help, Shift-Dir - straight line, f/p - Pikel
Aim: Pikel, wielding a whip of flaming and wearing an embroidered robe You throw a javelin.
The javelin closely misses Pikel.
You block the slave's attack.
Throwing (i - inventory):
h - 6 javelins (quivered)
Press: ? - help, Shift-Dir - straight line, f/p - Pikel
Aim: Pikel, wielding a whip of flaming and wearing an embroidered robe
Okay, then.
The slave hits you! The slave hits you. The slave barely misses you.
You block the slave's attack.
Pikel zaps a wand.
The bolt of acid hits you! The acid corrodes you!
The acid burns!
It is a wand of acid.
The slave barely misses you.
Pikel zaps a wand.
The bolt of acid hits you!
You die...

(.. ..
#.. ..
#.# ###
#..###.#
#..#...#
#..@pp.#
#..pK..#
#....p.##
#......#
#.....##
#.(....#
##.##.##
## ###


You could see Pikel and 4 slaves.

Vanquished Creatures
  Menkaure (D:4)
  Duvessa (D:5)
  2 phantoms
  Dowan (D:5)
  A scorpion (D:5)
  A jelly (D:5)
  2 orc priests (D:3)
  An iron imp (D:5)
  A worker ant zombie (D:5)
  9 adders
  An ooze (D:3)
  A worm (D:2)
  A giant gecko (D:4)
  6 orcs (D:3)
  10 bats
  3 giant cockroaches
  7 goblins
  5 hobgoblins
  11 jackals
  3 quokkas
  3 giant newts
  6 kobolds
  9 rats
86 creatures vanquished.

Vanquished Creatures (others)
  A giant cockroach (D:3)
1 creature vanquished.

Grand Total: 87 creatures vanquished

Notes
Turn   | Place    | Note
--------------------------------------------------------------
     0 | D:1      | HandofTrog the Demonspawn Wanderer began the quest for the Orb.
     0 | D:1      | HandofTrog set off with: a +2 scale mail, a +0 mace, the Volume of Floating Confrontation, a bread ration
     0 | D:1      | Reached XP level 1. HP: 13/13 MP: 2/2
   464 | D:1      | Reached skill level 1 in Fighting
   989 | D:2      | Gained mutation: You have a pair of small horns on your head. [demonic ancestry]
   989 | D:2      | Reached XP level 2. HP: 19/21 MP: 3/3
   992 | D:2      | Reached skill level 1 in Shields
  1119 | D:2      | Found a white marble altar of Elyvilon.
  1144 | D:2      | Found an iron altar of Okawaru.
  1242 | D:2      | Reached XP level 3. HP: 13/27 MP: 4/4
  1550 | D:2      | Reached skill level 2 in Fighting
  1760 | D:2      | Gained mutation: You have a pair of horns on your head. [demonic ancestry]
  1760 | D:2      | Reached XP level 4. HP: 26/33 MP: 5/5
  2211 | D:3      | Reached skill level 3 in Fighting
  2212 | D:3      | Gained mutation: You are partially covered in molten scales (AC +1). [demonic ancestry]
  2212 | D:3      | Reached XP level 5. HP: 18/41 MP: 6/6
  2475 | D:3      | Found a sparkling altar of Nemelex Xobeh.
  2550 | D:2      | Identified the Volume of Floating Confrontation
  2560 | D:2      | Became a worshipper of Warmaster Okawaru
  2570 | D:2      | Learned a level 3 spell: Regeneration
  2574 | D:2      | Learned a level 3 spell: Vampiric Draining
  2746 | D:3      | Found a white marble altar of Elyvilon.
  2885 | D:3      | Found a burning altar of Makhleb.
  2885 | D:3      | Noticed a green death
  2909 | D:4      | Noticed a phantom
  2927 | D:4      | Killed a phantom
  2927 | D:4      | Reached skill level 4 in Fighting
  2927 | D:4      | Reached XP level 6. HP: 48/48 MP: 7/7
  2935 | D:4      | Noticed Eustachio
  2939 | D:4      | Noticed PeterLawrence's ghost (amateur MiFi)
  3012 | D:4      | Found a blossoming altar of Fedhas.
  3074 | D:4      | Noticed Menkaure
  3084 | D:4      | Killed Menkaure
  3084 | D:4      | Reached * piety under Okawaru
  3441 | D:5      | Entered Level 5 of the Dungeon
  3810 | D:5      | Reached skill level 5 in Fighting
  3810 | D:5      | Gained mutation: Your flesh is heat resistant. [demonic ancestry]
  3810 | D:5      | Reached XP level 7. HP: 17/56 MP: 8/8
  4026 | D:5      | Found a basalt altar of Yredelemnul.
  4044 | D:5      | Noticed Duvessa
  4044 | D:5      | Noticed Dowan
  4063 | D:5      | Killed Duvessa
  4103 | D:5      | Killed Dowan
  4285 | D:5      | Found a snail-covered altar of Cheibriados.
  4855 | D:5      | Noticed Pikel
  4860 | D:5      | Killed from afar by Pikel

Vault maps used:
D:1:      minmay_arrival_solitary_statue, minmay_misc_feat_cross
D:2:      nicolae_overflow_hidden_temple, lemuel_round_altar, minmay_circled_x
D:3:      lemuel_crystal_altar, makhleb_altar_promises_db, elyvilon_altar_4
D:4:      lemuel_round_altar, first_bread, hangedman_decor_growths,
          uniq_menkaure, uniq_eustachio
D:5:      overflow_temple_1_default, slow_altar_1,
          nicolae_overflow_crystal_walls, uniq_duvessa, uniq_pikel,
          uniq_prince_ribbit1

Skill      XL: |  1  2  3  4  5  6  7 |
---------------+----------------------+-----
Fighting       | 1 2 3 4 5 |  5.5
Shields        | 1 2 3 4 |  4.2
Armour         | 3 |  3.6
Maces & Flails | |  3.6
Throwing       | |  1.0
Spellcasting   | |  1.0
Hexes          | |  1.0
Fire Magic     | |  1.0
Evocations     | |  1.0

Action                   |  1- 3 |  4- 6 |  7- 9 || total
-------------------------+-------+-------+-------++-------
Melee: Mace              |   146 |   210 |    64 ||   420
Throw: Javelin           |       |       |     3 ||     3
Invok: Heroism           |       |       |     2 ||     2
  Use: Scroll            |       |     5 |       ||     5
       Potion            |       |     4 |     2 ||     6
  Eat: Chunk             |     1 |     4 |       ||     5
       Bread ration      |     1 |       |     2 ||     3
